 Dungeon Crawl Stone Soup version 0.28.0-43-g3370ac3207 (webtiles) character file.

Game seed: 3879492039575706271

37535 Revguard the Zephyrmancer (level 13, -1/124 HPs)
             Began as a Black Draconian Gladiator on Mar 15, 2022.
             Killed themself with a badly aimed burst of rock shards (8 damage)
             ... on level 14 of the Dungeon.
             The game lasted 01:01:49 (16910 turns).

Revguard the Zephyrmancer (DrGl)                   Turns: 16910, Time: 01:01:50

Health: -1/124     AC: 17    Str: 20    XL:     13   Next: 58%
Magic:  26/26      EV: 16    Int: 19    God:
Gold:   1158       SH:  0    Dex: 16    Spells: 6/30 levels left

rFire   . . .      SeeInvis .     - Unarmed
rCold   . . .      Faith    .   (no shield)
rNeg    . . .      Spirit   .   (armour unavailable)
rPois   .          Reflect  .   f - -2 hat "Sogos" {Regen+ Dex+2}
rElec   +          Harm     .   d - +1 cloak
rCorr   .          Rampage  .   E - +2 pair of gloves
Will    .....                   r - +1 pair of boots
Stlth   +.........              w - amulet of magic regeneration
HPRegen 1.10/turn               c - +4 ring of protection
MPRegen 0.60/turn               C - +6 ring of intelligence

@: slowed, very slow
A: breathe lightning, AC +8, unfitting armour, electricity resistance,
cold-blooded, beak, robust 1, strong 2
a: Breathe Lightning


You were on level 14 of the Dungeon.
You visited 2 branches of the dungeon, and saw 15 of its levels.

You collected 1158 gold pieces.

Inventory:

Missiles
 b - 5 throwing nets (quivered)
Armour
 d - a +1 cloak (worn)
 f - the -2 hat "Sogos" (worn) {Regen+ Dex+2}
   (You acquired it on level 6 of the Dungeon)

   Dex:       It affects your dexterity (+2).
   Regen:     It increases your rate of health regeneration.
 r - a +1 pair of boots (worn)
 E - a +2 pair of gloves (worn)
Jewellery
 c - a +4 ring of protection (left hand)
 q - a +6 ring of strength
 s - an amulet of the acrobat
 w - an amulet of magic regeneration (around neck)
 y - a ring of protection from cold
 C - a +6 ring of intelligence (right hand)
Wands
 h - a wand of digging (7)
 i - a wand of charming (10)
 m - a wand of flame (14)
 t - a wand of iceblast (13)
 v - a wand of mindburst (1)
Scrolls
 a - 8 scrolls of teleportation
 e - 3 scrolls of noise
 k - 4 scrolls of vulnerability
 o - a scroll of enchant weapon
 x - 2 scrolls of torment
 z - 7 scrolls of identify
 B - a scroll of amnesia {unknown}
 D - a scroll of holy word
 H - a scroll of enchant armour
Potions
 g - a potion of might
 j - 5 potions of curing
 n - a potion of brilliance
 p - 2 potions of resistance
 u - a potion of lignification {unknown}
 A - a potion of ambrosia
 F - a potion of cancellation
 G - 3 potions of degeneration
Miscellaneous
 l - a tin of tremorstones (2/2)


   Skills:
 + Level 9.8 Fighting
 - Level 1.7 Throwing
 + Level 8.5 Dodging
 + Level 9.2 Unarmed Combat
 + Level 9.2 Spellcasting
 - Level 5.2 Conjurations
 + Level 4.7 Transmutations
 + Level 6.6 Ice Magic
 * Level 10.6 Air Magic
 + Level 8.4 Evocations


You had 6 spell levels left.
You knew the following spells:

 Your Spells              Type           Power      Damage    Failure   Level
a - Freezing Cloud        Conj/Ice/Air   18%        6-21      11%         5
b - Summon Lightning Spi  Summ/Air       28%        N/A       9%          4
c - Storm Form            Tmut/Air       19%        N/A       96%         7
d - Maxwell's Capacitive  Air            24%        ∞         100%        8

Your spell library contained the following spells:

 Spells                   Type           Power      Damage    Failure   Level
 Mephitic Cloud           Conj/Pois/Air  28%        N/A       2%          3
 Summon Small Mammal      Summ           32%        N/A       9%          1
 Ignite Poison            Fire/Tmut/Pois 14%        N/A       13%         3
 Call Canine Familiar     Summ           8%         N/A       24%         3
 Inner Flame              Hex/Fire       8%         N/A       24%         3
 Summon Guardian Golem    Hex/Summ       8%         N/A       24%         3
 Cause Fear               Hex            4%         N/A       63%         4
 Simulacrum               Ice/Necr       10%        N/A       97%         6
 Discord                  Hex            4%         N/A       100%        8
 Polar Vortex             Ice            16%        N/A       100%        9


Dungeon Overview and Level Annotations

Branches:
Dungeon (14/15)            Temple (1/1) D:5            Lair (0/6) D:10
    Orc (0/2) D:11         Vaults (0/5) D:13

Altars:
Ashenzari
Cheibriados
Dithmenos
Elyvilon
Fedhas
Gozag
Hepliaklqana
Kikubaaqudgha
Makhleb
Nemelex Xobeh
Okawaru
Qazlal
Ru
Sif Muna
Trog
Uskayaw
Vehumet
Wu Jian
Xom
Yredelemnul
Zin
The Shining One

Shops:
D:6 =   D:11 (   D:13 (


Innate Abilities, Weirdness & Mutations

You can breathe wild blasts of lightning.
Your glossy black scales are hard. (AC +8)
You cannot fit into any form of body armour.
You are resistant to electric shocks. (rElec)
You are cold-blooded and may be slowed by cold attacks.
You have a beak for a mouth.
You are robust. (+10% HP)
Your muscles are very strong. (Str +4)


Message History

A boulder beetle comes into view.
You see here 16 arrows.
The boulder beetle curls into a ball and begins rolling!
Casting: Summon Lightning Spire (dangerous; 9% risk of failure)
Confirm with . or Enter, or press ? or * to list all spells.
Aiming: Freezing Cloud (dangerous; 11% risk of failure)
Press: ? - help, Dir - move target That beam is likely to hit you.
Continue anyway?
You are engulfed in freezing vapours.
You feel yourself slow down.
You are engulfed in freezing vapours.
You feel as though you will be slow longer.
The boulder beetle is engulfed in freezing vapours. x3
You are engulfed in freezing vapours.
The boulder beetle is engulfed in freezing vapours.
The boulder beetle hits you!!!
* * * LOW HITPOINT WARNING * * *
The boulder beetle stops rolling and uncurls.
Okay, then.
Okay, then.
The boulder beetle is engulfed in freezing vapours.
The boulder beetle leaps!
The boulder beetle is engulfed in freezing vapours.
The boulder beetle curls into a ball and begins rolling!
The boulder beetle is engulfed in freezing vapours.
The boulder beetle barely misses you.
The boulder beetle stops rolling and uncurls.
You hit the boulder beetle but do no damage.
You peck the boulder beetle, but do no damage.
The boulder beetle is almost dead.
The boulder beetle bites you but does no damage.
Aiming: Mindburst
Press: ? - help, Shift-Dir - straight line, f - boulder beetle
Aim: a boulder beetle (almost dead, chance to affect: 76%)
The boulder beetle's mind is blasted!
The boulder beetle bites you!!
* * * LOW HITPOINT WARNING * * *
The boulder beetle barely misses you.
The tremorstone explodes into fragments!
The burst of rock shards engulfs the boulder beetle but does no damage.
The burst of rock shards engulfs you!
You die...

######### #.#.#
#########.......
#.......# #.#.#.#
#.........#
#.......# #.#.#.#
#.###.>..#.
#.......####.#(#.# #
###..#.
'.......'....#.#.#
#####..#.
#.......######.#.#
........# #.......#
#.#.# ..........
######### #B#.#
###...###...# #.#@#
##..#.#...#.#.
#○#B###....#.....#..
#.........#.#...#.#.
###.###.##...###...#
#.# #.............
#.# #..........(.#
#.# #...........#.
#.# #########...#.
#.# #...#.


You could see a boulder beetle.

Vanquished Creatures
  A fire dragon (D:13)
  2 yaktaur captains (D:13)
  2 boulder beetles
  3 vault guards (D:13)
  A hydra (D:13)
  3 two-headed ogres
  A catoblepas (D:13)
  A death knight (D:13)
  5 centaur warriors
  The ghost of hitsuchi the Basher, a novice PaFi of Hepliaklqana (D:7)
  A deep troll earth mage (D:13)
  2 wizards
  A phantasmal warrior (D:13)
  A deep elf pyromancer (D:13)
  2 wolf spiders (D:13)
  A manticore (D:13)
  An orc sorcerer (D:13)
  2 cyclopes (D:13)
  Maurice (D:12)
  Maggie (D:10)
  2 gargoyles (D:10)
  An unseen horror (shapeshifter) (D:13)
  An unseen horror (D:13)
  3 freezing wraiths
  A tengu conjurer (D:13)
  6 trolls
  Grinder (D:5)
  Prince Ribbit (D:6)
  7 slime creatures
  2 shadows
  A water elemental (D:13)
  3 wraiths
  A wyvern (D:11)
  A yak (D:10)
  A vampire (D:9)
  A basilisk (shapeshifter) (D:13)
  3 steam dragons
  14 humans (D:13)
  Menkaure (D:6)
  3 vampire mosquitoes (D:13)
  Edmund (D:5)
  Duvessa (D:5)
  6 acid dragons
  3 water moccasins
  3 ice beasts
  2 sky beasts
  A black bear (D:8)
  3 orc warriors
  3 necrophages
  4 ogres (D:7)
  7 centaurs
  2 wolves (D:10)
  A phantom (D:7)
  5 bullfrogs
  3 kobold brigands
  2 gnoll sergeants
  A water moccasin skeleton (D:4)
  Dowan (D:5)
  5 killer bees (D:10)
  A wight (D:8)
  4 howler monkeys
  7 electric eels
  7 centaur zombies
  8 hounds
  Crazy Yiuf (D:2)
  3 jellies
  6 orc priests
  A bullfrog skeleton (D:6)
  6 iguanas
  Ijyb (D:4)
  15 orc wizards
  A killer bee zombie (D:8)
  13 gnolls
  7 adders
  2 shadow imps (D:8)
  An ufetubus (D:5)
  An adder skeleton (D:4)
  3 worms
  3 dart slugs
  25 orcs
  11 endoplasms
  2 giant cockroaches (D:1)
  5 hobgoblins
  9 kobolds
  4 quokkas
  3 training dummies (D:13)
  11 ball pythons
  2 frilled lizards
  9 goblins
  7 rats
320 creatures vanquished.

Vanquished Creatures (collateral kills)
  A hydra (D:12)
  A deep elf pyromancer (D:12)
  A cyclops (D:13)
  A gargoyle (D:13)
  A yaktaur (D:13)
  A slime creature (D:14)
  A vampire (D:10)
  5 humans (D:13)
  A hog (shapeshifter) (D:13)
  A basilisk (D:13)
  A vampire mosquito (D:13)
  2 orc warriors
  A killer bee (D:10)
  A howler monkey (D:10)
  3 orc priests
  An orc wizard (D:14)
  A gnoll (D:11)
  4 orcs (D:11)
28 creatures vanquished.

Vanquished Creatures (others)
  An unseen horror (D:8)
  A slime creature (D:13)
  An orc warrior (D:10)
  A howler monkey (D:10)
  5 plants (D:6)
9 creatures vanquished.

Grand Total: 357 creatures vanquished

Notes
Turn   | Place    | Note
-------+----------+-------------------------------------------
     0 | D:1      | Revguard the Draconian Gladiator began the quest for the
                  | Orb.
     0 | D:1      | Reached XP level 1. HP: 17/17 MP: 1/1
   459 | D:1      | Reached XP level 2. HP: 16/25 MP: 3/3
   849 | D:1      | Reached skill level 1 in Spellcasting
   849 | D:1      | Found a faded altar of an unknown god.
  1158 | D:2      | Reached XP level 3. HP: 30/30 MP: 3/5
  1614 | D:2      | Found a runed translucent door.
  1615 | D:2      | Noticed Crazy Yiuf
  1632 | D:2      | Killed Crazy Yiuf
  1633 | D:2      | Reached XP level 4. HP: 32/37 MP: 5/7
  2253 | D:3      | Found a blossoming altar of Fedhas.
  2585 | D:3      | Reached XP level 5. HP: 40/45 MP: 8/8
  3447 | D:4      | Noticed Ijyb
  3447 | D:4      | Noticed a necrophage
  3478 | D:4      | Killed Ijyb
  3481 | D:4      | Killed a necrophage
  3482 | D:4      | Reached skill level 1 in Evocations
  3482 | D:4      | Reached XP level 6. HP: 36/52 MP: 10/10
  4424 | D:5      | Entered Level 5 of the Dungeon
  4477 | D:5      | Your scales start taking on a glossy black colour.
  4477 | D:5      | Reached XP level 7. HP: 36/59 MP: 12/12
  4477 | D:5      | Gained mutation: You are resistant to electric shocks.
                  | (rElec) [Black Draconian growth]
  4951 | D:5      | Noticed Grinder
  4959 | D:5      | Killed Grinder
  4960 | D:5      | Found an ornate altar of the Wu Jian Council.
  4983 | D:5      | Found a broken altar of Ashenzari.
  4999 | D:5      | Found a shimmering blue altar of Sif Muna.
  5004 | D:5      | Found a hide-covered altar of Uskayaw.
  5007 | D:5      | Found a glowing silver altar of Zin.
  5013 | D:5      | Found a shimmering altar of Xom.
  5095 | D:5      | Noticed Edmund
  5131 | D:5      | Killed Edmund
  5132 | D:5      | Reached XP level 8. HP: 22/67 MP: 15/15
  5459 | D:5      | Noticed Dowan
  5460 | D:5      | Noticed Duvessa
  5481 | D:5      | Killed Duvessa
  5482 | D:5      | Reached skill level 5 in Fighting
  5482 | D:5      | Reached skill level 5 in Unarmed Combat
  5482 | D:5      | Reached skill level 5 in Spellcasting
  5482 | D:5      | Killed Dowan
  5686 | D:5      | Found a staircase to the Ecumenical Temple.
  5694 | Temple   | Entered the Ecumenical Temple
  5936 | D:5      | Gained mutation: You have a beak for a mouth. [potion of
                  | mutation]
  5936 | D:5      | Gained mutation: Your muscles are strong. (Str +2) [potion
                  | of mutation]
  5936 | D:5      | Gained mutation: You are robust. (+10% HP) [potion of
                  | mutation]
  5936 | D:5      | Gained mutation: Your muscles are very strong. (Str +4)
                  | [potion of mutation]
  6056 | D:6      | Noticed Prince Ribbit
  6076 | D:6      | Killed Prince Ribbit
  6477 | D:6      | Found Ivaowust's Jewellery Shop.
  6509 | D:6      | Reached skill level 5 in Dodging
  6859 | D:6      | Learned a level 5 spell: Freezing Cloud
  6987 | D:6      | Noticed Menkaure
  6998 | D:6      | Killed Menkaure
  6999 | D:6      | Reached skill level 1 in Air Magic
  7315 | D:6      | Reached skill level 1 in Ice Magic
  7315 | D:6      | Reached XP level 9. HP: 36/82 MP: 18/18
  7757 | D:6      | Reached skill level 1 in Conjurations
  8317 | D:6      | Identified a scroll of acquirement
  8317 | D:6      | Acquired the -2 hat "Sogos" {Regen+ Dex+2}
  8447 | D:7      | Reached skill level 2 in Air Magic
  8647 | D:7      | Found a transporter.
  8653 | D:7      | Noticed hitsuchi's ghost (novice PaFi)
  8668 | D:7      | Found a transporter.
  8964 | D:7      | Found a sparkling altar of Nemelex Xobeh.
  9093 | D:7      | Killed hitsuchi's ghost
  9094 | D:7      | Reached skill level 3 in Air Magic
  9207 | D:8      | Reached XP level 10. HP: 49/92 MP: 20/20
  9450 | D:8      | Reached skill level 5 in Evocations
  9704 | D:8      | Noticed a boulder beetle
  9754 | D:8      | Reached skill level 4 in Air Magic
  9873 | D:8      | Killed a boulder beetle
 10055 | D:9      | Noticed a two-headed ogre
 10068 | D:9      | Killed a two-headed ogre
 10494 | D:10     | Entered Level 10 of the Dungeon
 10521 | D:10     | Noticed Maggie
 10534 | D:10     | Killed Maggie
 10535 | D:10     | Reached skill level 5 in Air Magic
 10570 | D:10     | Found a staircase to the Lair.
 10694 | D:10     | Reached XP level 11. HP: 101/101 MP: 22/22
 11158 | D:10     | Noticed a two-headed ogre
 11166 | D:10     | Killed a two-headed ogre
 11237 | D:10     | Noticed a centaur warrior
 11251 | D:10     | Killed a centaur warrior
 11252 | D:10     | Reached skill level 5 in Conjurations
 11377 | D:10     | Learned a level 4 spell: Summon Lightning Spire
 11385 | D:10     | Learned a level 7 spell: Storm Form
 11394 | D:10     | Learned a level 8 spell: Maxwell's Capacitive Coupling
 11569 | D:10     | Reached skill level 6 in Air Magic
 11671 | D:10     | Noticed a two-headed ogre
 11679 | D:10     | Killed a two-headed ogre
 11680 | D:10     | Reached skill level 5 in Ice Magic
 12350 | D:11     | Reached skill level 1 in Transmutations
 12406 | D:11     | Found a staircase to the Orcish Mines.
 12520 | D:11     | Found Zicveag's Weapon Shoppe.
 12965 | D:11     | Noticed a boulder beetle
 12979 | D:11     | Killed a boulder beetle
 12980 | D:11     | Reached skill level 7 in Air Magic
 13469 | D:12     | Noticed a wizard
 13481 | D:12     | Killed a wizard
 13528 | D:12     | Noticed an eight-headed hydra
 13535 | D:12     | Killed an eight-headed hydra
 13536 | D:12     | Reached XP level 12. HP: 89/113 MP: 12/24
 13773 | D:12     | Noticed Maurice
 13779 | D:12     | Killed Maurice
 14006 | D:13     | Noticed a centaur warrior
 14134 | D:13     | Noticed a vault guard
 14147 | D:13     | Killed a vault guard
 14269 | D:13     | Reached skill level 8 in Air Magic
 14326 | D:13     | Noticed a vault guard
 14353 | D:13     | Noticed a vault guard
 14384 | D:13     | Killed a vault guard
 14404 | D:13     | Killed a vault guard
 14588 | D:13     | Killed a centaur warrior
 14650 | D:13     | Reached skill level 9 in Air Magic
 14778 | D:13     | Noticed a five-headed hydra
 14795 | D:13     | Killed a five-headed hydra
 14866 | D:13     | Found Cuos's Firing Range.
 15013 | D:13     | Noticed a centaur warrior
 15020 | D:13     | Killed a centaur warrior
 15026 | D:13     | Reached XP level 13. HP: 57/122 MP: 11/25
 15056 | D:13     | Noticed a fire dragon
 15067 | D:13     | Killed a fire dragon
 15245 | D:13     | Reached skill level 10 in Air Magic
 15378 | D:13     | Paralysed by an orc sorcerer for 3 turns
 16298 | D:13     | Found a gate to the Vaults.
 16910 | D:14     | Killed themself with a badly aimed burst of rock shards

Illustrated notes

Levels and vault maps discovered:
D:1:      minmay_arrival_glassed_features, layout_loops_ring,
          shapermc_ecumenical_altar_mp_ritualfount, minmay_pentomino_x2
D:2:      layout_basic, uniq_crazy_yiuf_cottage
D:3:      layout_loops_ring, fedhas_ov_isle_minmay, nrook_mini_vaults,
          st_stairs_10, minmay_shallow_snake_nest
D:4:      minmay_chambers_of_twos, layout_basic, uniq_ijyb
D:5:      layout_rooms, nicolae_overflow_hallway_of_the_gods, temple_fountains,
          grunt_decor_resistance, uniq_edmund, uniq_duvessa, uniq_grinder
D:6:      layout_layer_cave, chequers_big_river, minmay_shop_grid_forest,
          st_stairs_7, uniq_menkaure, uniq_prince_ribbit1
D:7:      layout_cave_pools, nemelex_dance_club_becter, gammafunk_ghost_smash
D:8:      minmay_clustersquares, layout_rooms
D:9:      layout_cave_pools, nzn_life_drinkers
D:10:     minmay_thinvault, layout_gridville, erik_lair_island, st_stairs_14,
          uniq_maggie
D:11:     layout_loops_ring, hiddenorc1_lemuel, serial_shops,
          nicolae_shop_waterfront
D:12:     layout_rooms, uniq_maurice
D:13:     lemuel_traditional_vault, layout_basic, grunt_vaults_entry_tiered,
          serial_rivers, chequers_serial_rivers_micro_a,
          chequers_serial_rivers_micro_a, chequers_serial_rivers_small_3,
          chequers_serial_rivers_micro_c, minmay_misc_feat_encased,
          nicolae_shop_firing_range
D:14:     layout_basic, nicolae_twisting_strands
Temple:   dpeg_chambers_temple

Skill      XL: |  1  2  3  4  5  6  7  8  9 10 11 12 13 |
---------------+----------------------------------------+-----
Spellcasting   | 1 2 3 4 6 7 8 9 |  9.2
Dodging        | 3 4 5 6 7 8 |  8.5
Fighting       | 3 4 5 6 7 8 9 |  9.8
Unarmed Combat | 4 5 6 7 8 9 |  9.2
Evocations     | 1 2 3 4 5 6 7 8 |  8.4
Air Magic      | 1 3 5 7 9 10 | 10.6
Ice Magic      | 1 2 4 5 6 |  6.6
Conjurations   | 2 4 5 |  5.2
Transmutations | 1 3 4 |  4.7
Throwing       | |  1.7

Action                   |  1- 3 |  4- 6 |  7- 9 | 10-12 | 13-15 || total
-------------------------+-------+-------+-------+-------+-------++-------
Melee: Unarmed           |    90 |   234 |   299 |   591 |    91 ||  1305
       Tailslap          |    12 |    32 |    42 |   103 |    15 ||   204
       Punch             |     3 |    16 |    15 |    47 |     4 ||    85
       Peck              |       |       |    42 |   164 |    28 ||   234
Throw: Throwing net      |     3 |       |       |       |       ||     3
 Cast: Summon Lightning  |       |       |       |    36 |    26 ||    62
       Freezing Cloud    |       |       |       |    29 |    29 ||    58
 Abil: Breathe Lightning |       |       |    13 |    27 |     2 ||    42
Evoke: Wand              |       |     7 |    18 |    34 |     1 ||    60
  Use: Scroll            |       |    10 |     8 |     7 |       ||    25
       Potion            |       |       |     5 |     5 |     1 ||    11
 Stab: Sleeping          |     1 |       |     2 |       |       ||     3
       Paralysed         |       |       |       |    32 |       ||    32
       Distracted        |       |       |       |     4 |     3 ||     7
Armor: Skin              |    31 |    91 |   132 |   351 |    48 ||   653
Dodge: Dodged            |    43 |   144 |   207 |   606 |    69 ||  1069
